 Dungeon Crawl Stone Soup version 0.18-a0-1481-g708b138 (webtiles) character file.

138 Goblin1989 the Chopper (level 5, -2/38 HPs)
             Began as a Demonspawn Gladiator on Mar 2, 2016.
             Slain by a gnoll
             ... wielding a +0 halberd
              (9 damage)
             ... on level 2 of the Dungeon.
             The game lasted 00:04:27 (1631 turns).

Goblin1989 the Chopper (Demonspawn Gladiator)       Turns: 1631, Time: 00:04:27

Health: -2/38      AC:  5    Str: 16    XL:     5   Next: 1%
Magic:  5/5        EV: 12    Int: 10    God:
Gold:   52         SH:  0    Dex: 15    Spells: 0 memorised, 4 levels left

rFire  . . .     SeeInvis .     a - +0 war axe
rCold  . . .     Gourm    .     b - +0 leather armour
rNeg   . . .     Faith    .     (no shield)
rPois  .         Spirit   .     c - +0 helmet
rElec  .         Dismiss  .     (no cloak)
rCorr  .         Reflect  .     (no gloves)
SustAt .         Harm     .     n - +0 pair of boots
MR     .....                    (no amulet)
Stlth  ++........               (no ring)
                                (no ring)

@: not resistant to hostile enchantments, unstealthy
A: thin skeletal structure 1, demonic guardian 1, powered by death 1
a: no special abilities


You were on level 2 of the Dungeon.
You were hungry.

You visited 1 branch of the dungeon, and saw 2 of its levels.

You collected 52 gold pieces.

Inventory:

Hand Weapons
 a - a +0 war axe (weapon)
 g - a cursed -3 whip
Missiles
 d - 3 throwing nets (quivered)
Armour
 b - a +0 leather armour (worn)
 c - a +0 helmet (worn)
 n - a +0 pair of boots (worn)
Wands
 o - a wand of acid (7/15)
Scrolls
 e - 2 scrolls of teleportation {unknown}
 h - 3 scrolls of identify {unknown}
 k - a scroll of blinking {unknown}
 l - a scroll of remove curse {unknown}
 p - a scroll of magic mapping {unknown}
 q - a scroll of enchant weapon {unknown}
Potions
 i - a potion of flight {unknown}
 j - a potion of curing {unknown}
Comestibles
 f - a bread ration
 m - a meat ration


   Skills:
 - Level 2.0 Fighting
 * Level 5.2 Axes
 - Level 1.7 Throwing
 - Level 2.6 Dodging


You had 4 spell levels left.
You didn't know any spells.

Dungeon Overview and Level Annotations

Branches:
Dungeon (2/15)

Altars:
Gozag


Innate Abilities, Weirdness & Mutations

You have a somewhat thin skeletal structure (Dex +2, Stealth).
A weak demonic guardian rushes to your aid.
You regenerate a little health from kills.


Message History

The gnoll hits you with a halberd!
A hobgoblin comes into view. It is wielding a club.
You barely miss the gnoll. The bat barely misses you.
The bat closely misses you. The gnoll closely misses you.
You closely miss the gnoll. You miss the bat.
The hobgoblin shouts!
The bat closely misses you. The gnoll hits you with a halberd!
You hit the gnoll but do no damage. The bat misses you.
The gnoll hits you but does no damage.
You slash the gnoll!
The gnoll is heavily wounded.
The bat misses you. The gnoll hits you with a halberd!
* * * LOW HITPOINT WARNING * * *
You hit the gnoll but do no damage.
The gnoll is heavily wounded.
The bat closely misses you.
The gnoll drinks a potion.
The gnoll flickers and vanishes!
Deactivating autopickup; reactivate with Ctrl-A.
The bat hits you but does no damage. Something hits you!
You die...

#.# #.# ....
##.### #.# #..#
#....#####.# ....
...........# ##..#
#.##.####### ....
#.##.# ###.g###
#.##.# #⌠..{..#
#.##.# #8.b8#
..##.# ##.@##
####.# #########.#
#.# #<........#
####.###.#########
.........#
##########


You could see a hobgoblin and a bat.

Vanquished Creatures
  Natasha (twice) (D:2)
  A gnoll (D:1)
  3 adders
  3 worms (D:2)
  A dart slug (D:1)
  A giant gecko (D:2)
  5 giant cockroaches (D:1)
  8 goblins
  3 hobgoblins (D:1)
  2 ball pythons
  6 bats
  A giant newt (D:1)
  7 kobolds
  5 rats
48 creatures vanquished.

Notes
Turn   | Place    | Note
--------------------------------------------------------------
     0 | D:1      | Goblin1989 the Demonspawn Gladiator began the quest for the Orb.
     0 | D:1      | Reached XP level 1. HP: 16/16 MP: 1/1
    52 | D:1      | Reached skill level 3 in Axes
    79 | D:1      | Gained mutation: You regenerate a little health from kills. [demonic ancestry]
    79 | D:1      | Reached XP level 2. HP: 9/22 MP: 2/2
   365 | D:1      | Gained mutation: A weak demonic guardian rushes to your aid. [demonic ancestry]
   365 | D:1      | Reached XP level 3. HP: 23/27 MP: 3/3
   548 | D:2      | Reached skill level 4 in Axes
   753 | D:2      | Reached XP level 4. HP: 33/33 MP: 4/4
  1234 | D:2      | Found an opulent altar of Gozag.
  1294 | D:2      | Noticed Natasha
  1299 | D:2      | Killed Natasha
  1299 | D:2      | Reached skill level 5 in Axes
  1400 | D:2      | Noticed Natasha
  1410 | D:2      | Killed Natasha
  1410 | D:2      | Gained mutation: You have a somewhat thin skeletal structure (Dex +2, Stealth). [demonic ancestry]
  1410 | D:2      | Reached XP level 5. HP: 12/38 MP: 5/5
  1631 | D:2      | Slain by a gnoll

Vault maps used:
D:1:      minmay_arrival_shattered_statue, minmay_misc_feat_x
D:2:      nicolae_gozag_seed_capital, minitemple,
          hangedman_abyss_or_decor_stabs, uniq_natasha

Skill      XL: |  1  2  3  4 |
---------------+-------------+-----
Axes           | 3 4 5 |  5.2
Fighting       | |  2.0
Throwing       | |  1.7
Dodging        | |  2.6

Action                   |  1- 3 |  4- 6 || total
-------------------------+-------+-------++-------
Melee: War axe           |    92 |    52 ||   144
  Eat: Chunk             |       |     2 ||     2
